AoeStats
← vincent.barre29

Fortress

509603830Analyzed
3v3 RM · 4d ago on Sep 27, 2026· 61m 19s· 6 players
Game mode
Random Map
Map size
Large (8 player)
Population
200
Speed
Normal
Resources
Standard
Victory
Conquest
Starting age
Dark Age
Ending age
Imperial Age
RankedLock teamsTeams togetherTeam positionsShared explorationLock speedFull tech treeHidden civsTurbo modeCheats
Victory
Defeat
🇩🇪 Franks · Germany
834
+15
🇨🇱 Ethiopians · Chile
830
+15
🇩🇪 Japanese · Germany
788
+17
🇩🇪 Turks · Germany
824
-16
🇫🇷 Teutons · France
812
-16
🇬🇧 Britons · United Kingdom
802
-15
Hamurabi1
0:42 Loom
9:30 Feudal Age
10:21 Horse Collar
15:40 Castle Age
13:56 Double-Bit Axe
14:29 Gold Mining
16:01 Padded Archer Armor
19:03 Fortified Wall
23:29 Gold Shaft Mining
23:23 Bow Saw
23:21 Heavy Plow
26:32 Imperial Age
24:55 Wheelbarrow
24:06 Town Watch
25:22 Leather Archer Armor
29:31 Ring Archer Armor
33:14 Thumb Ring
36:28 Artillery
36:50 Conscription
37:07 Hoardings
36:03 Sappers
41:09 Stone Mining
42:31 Fletching
vincent.barre29
0:46 Loom
6:40 Feudal Age
7:20 Horse Collar
7:28 Double-Bit Axe
15:12 Castle Age
13:52 Gold Mining
13:53 Stone Mining
14:18 Forging
14:09 Scale Mail Armor
17:47 Bow Saw
18:17 Heavy Plow
18:10 Pikeman
25:06 Caravan
28:37 Ballistics
33:06 Imperial Age
33:17 Fletching
36:27 Chemistry
40:09 Masonry
40:31 Crop Rotation
41:06 Two-Man Saw
41:10 Cavalier
42:01 Bloodlines
41:36 Onager
43:35 Wheelbarrow
42:46 Town Watch
42:36 Heavy Scorpion
48:23 Halberdier
49:04 Squires
49:31 Paladin
54:03 Bodkin Arrow
54:44 Iron Casting
54:24 Chain Mail Armor
54:14 Scale Barding Armor
Evil Empire
8:54 Feudal Age
9:22 Double-Bit Axe
10:05 Horse Collar
14:55 Castle Age
14:40 Gold Mining
15:10 Padded Archer Armor
16:33 Bow Saw
18:17 Heavy Plow
19:39 Wheelbarrow
19:23 Loom
19:43 Fletching
22:15 Stone Mining
23:40 Gold Shaft Mining
24:19 Leather Archer Armor
24:37 Pikeman
26:29 Hand Cart
27:09 Bodkin Arrow
28:58 Town Watch
32:06 Imperial Age
32:04 Ballistics
32:19 Elite Longbowman
34:40 Chemistry
35:34 Ring Archer Armor
35:05 Bracer
35:40 Bracer
38:05 Yeomen
38:57 Hoardings
38:42 Caravan
38:40 Halberdier
40:32 Two-Man Saw
40:14 Town Patrol
42:04 Fortified Wall
matthiaskaeck
1:10 Loom
10:06 Feudal Age
10:53 Double-Bit Axe
10:52 Horse Collar
11:05 Gold Mining
17:17 Castle Age
17:06 Stone Mining
18:16 Bow Saw
18:08 Heavy Plow
18:59 Caravan
22:44 Fortified Wall
22:14 Treadmill Crane
25:59 Forging
25:50 Scale Mail Armor
25:55 Scale Barding Armor
25:51 Padded Archer Armor
25:41 Fletching
28:20 Gold Shaft Mining
31:09 Wheelbarrow
30:19 Town Watch
30:03 Pikeman
30:44 Squires
32:27 Ballistics
33:04 Crossbowman
33:49 Thumb Ring
38:30 Imperial Age
36:52 Iron Casting
38:36 Arbalester
41:10 Chemistry
41:37 Kataparuto
41:39 Conscription
46:05 Elite Samurai
61:15 Spies/Treason
Necropulpectomía
7:39 Feudal Age
9:25 Wheelbarrow
9:40 Double-Bit Axe
12:08 Castle Age
9:57 Horse Collar
11:09 Gold Mining
12:24 Loom
13:43 Hand Cart
14:54 Bow Saw
19:37 Scale Mail Armor
26:09 Imperial Age
25:17 Gold Shaft Mining
24:54 Heavy Plow
24:19 Crossbowman
24:54 Fletching
25:04 Padded Archer Armor
26:00 Ballistics
26:35 Bodkin Arrow
26:56 Leather Archer Armor
28:22 Chemistry
27:30 Arbalester
29:19 Thumb Ring
32:40 Bracer
33:10 Ring Archer Armor
35:26 Town Watch
35:44 Caravan
38:41 Conscription
41:43 Torsion Engines
42:03 Siege Engineers
42:10 Fortified Wall
42:10 Masonry
42:31 Town Patrol
57:12 Architecture
Ignaz36 CS.PRO
8:53 Feudal Age
14:47 Castle Age
15:23 Stone Mining
15:24 Gold Mining
15:24 Double-Bit Axe
17:16 Husbandry
16:36 Light Cavalry
24:17 Caravan
30:44 Imperial Age
27:39 Ordonnance Companies
30:23 Wheelbarrow
29:33 Town Watch
31:02 Gold Shaft Mining
30:46 Cavalier
31:54 Bow Saw
33:13 Chemistry
32:54 Hand Cart
32:39 Town Patrol
33:07 Conscription
34:03 Paladin
37:40 Chivalry
39:21 Scale Barding Armor
39:27 Forging
41:28 Elite Throwing Axeman
42:35 Chain Barding Armor
42:51 Iron Casting
51:51 Plate Barding Armor
52:17 Blast Furnace
Connection lost

Rejoining the realm…

Still unreachable

The connection could not be restored.

Session expired

The server has moved on; the page needs a fresh start.